 Dungeon Crawl Stone Soup version 0.32-a0-666-ge8a88695a4 (webtiles) character file.

Game seed: 8807348912144951357

21935 gimp the Bludgeoner (level 12, 0/166 HPs)
             Began as a Troll Gladiator on Mar 9, 2024.
             Was an Elder of Trog.
             Slain by a kobold blastminer (9 damage)
             ... on level 1 of the Orcish Mines.
             The game lasted 00:23:28 (13010 turns).

gimp the Bludgeoner (Troll Gladiator)              Turns: 13010, Time: 00:23:28

Health: 0/166      AC: 12    Str: 25    XL:     12   Next: 58%
Magic:  20/20      EV: 15    Int:  4    God:    Trog [****..]
Gold:   361        SH:  0    Dex: 15    Spells: 11/11 levels left

rFire   + . .        b - +0 giant spiked club
rCold   . . .        (shield currently unavailable)
rNeg    . . .        T - +0 storm dragon scales
rPois   .            c - +0 hat
rElec   +            o - scarf {repulsion}
rCorr   .            (gloves unavailable)
SInv    .            (boots unavailable)
Will    +....        t - amulet of faith Stlth
                     K - +5 ring of evasion
HPRegen 1.27/turn    P - ring "Qiluixy" {rF+ Will+ MP+9}
MPRegen 0.17/turn

%: repel missiles, faith
@: berserking, very quick
A: large, unfitting armour, claws 3, regeneration 1, shaggy fur 1, tough skin 1
a: Renounce Religion, Berserk, Trog's Hand, Brothers in Arms


You were on level 1 of the Orcish Mines.
You worshipped Trog.
Trog was greatly pleased with you.
You visited 4 branches of the dungeon, and saw 16 of its levels.

You collected 1850 gold pieces.
You spent 1489 gold pieces at shops.

Inventory:

Hand Weapons
 a - a +0 dire flail
 b - a +0 giant spiked club (weapon)
 N - a +2 flail of holy wrath
Missiles
 d - 5 throwing nets
 e - 3 large rocks
Armour
 c - a +0 hat (worn)
 o - a scarf of repulsion (worn)
 q - +0 acid dragon scales
 T - +0 storm dragon scales (worn)
 Y - a +2 troll leather armour {Snorg}
Jewellery
 h - a +6 ring of intelligence
 p - a +4 ring of protection
 t - an amulet of faith (around neck)
 H - a ring of see invisible
 K - a +5 ring of evasion (left claw)
 M - an amulet of reflection
 P - the ring "Qiluixy" (right claw) {rF+ Will+ MP+9}
   (You found it on level 10 of the Dungeon)

   [ring of protection from fire]

   rF+:       It protects you from fire.
   Will+:     It increases your willpower.
   MP+9:      It affects your magic capacity (+9).
Wands
 y - a wand of light (3)
 B - a wand of charming (14)
 G - a wand of flame (40)
 O - a wand of digging (18)
Scrolls
 i - 4 scrolls of fog
 j - a scroll of fear
 k - 3 scrolls of summoning
 n - a scroll of vulnerability
 r - 2 scrolls of blinking
 u - 2 scrolls of immolation {unknown}
 x - 2 scrolls of poison
 C - 2 scrolls of revelation {unknown}
 D - 3 scrolls of teleportation
 F - a scroll of enchant weapon
 J - a scroll of enchant armour
 X - 2 scrolls of silence {unknown}
Potions
 f - 7 potions of curing
 g - 4 potions of invisibility {unknown}
 l - 2 potions of ambrosia
 m - 2 potions of might {unknown}
 s - 2 potions of enlightenment
 v - 2 potions of mutation
 w - 2 potions of haste
 z - 2 potions of lignification
 A - a potion of attraction {unknown}
 E - 2 potions of resistance {unknown}
 I - a potion of degeneration {unknown}
 L - a potion of brilliance {unknown}
 U - 3 potions of heal wounds
 V - a potion of cancellation {unknown}
Miscellaneous
 Q - a lightning rod (1/4)
 R - a condenser vane (inert)
 W - a phial of floods


   Skills:
 - Level 5.0 Fighting
 + Level 15.8 Maces & Flails
 - Level 1.7 Throwing
 + Level 9.8 Dodging


You had 11 spell levels left.
You didn't know any spells.
Your spell library contained the following spells:

 Spells                   Type           Power      Damage    Failure   Level
 Freeze                   Ice            0%         1d3       99%         1
 Shock                    Conj/Air       0%         1d3       99%         1
 Scorch                   Fire           0%         2d5       100%        2
 Frozen Ramparts          Ice            0%         1d1       100%        3
 Hailstorm                Conj/Ice       0%         3d5       100%        3
 Summon Ice Beast         Ice/Summ       0%         N/A       100%        3
 Swiftness                Air            0%         N/A       100%        3
 Airstrike                Air            0%         2d(0-16)  100%        4
 Cause Fear               Hex            0%         N/A       100%        4
 Flame Wave               Conj/Fire      0%         2d4       100%        4
 Fireball                 Conj/Fire      0%         3d3       100%        5
 Summon Mana Viper        Hex/Summ       0%         N/A       100%        5
 Summon Cactus Giant      Summ           0%         N/A       100%        6
 Monstrous Menagerie      Summ           0%         N/A       100%        7
 Dragon's Call            Summ           0%         N/A       100%        9


Dungeon Overview and Level Annotations

Branches:
Dungeon (11/15)            Temple (1/1) D:5            Lair (3/5) D:11
    Orc (1/2) D:9
  Swamp: Lair:2-3    Shoals: Lair:2-3     Snake: Lair:2-3    Spider: Lair:2-3

Altars:
Ashenzari
Cheibriados
Dithmenos
Elyvilon
Fedhas
Gozag
Hepliaklqana
Kikubaaqudgha
Makhleb
Nemelex Xobeh
Okawaru
Qazlal
Ru
Sif Muna
Trog
Uskayaw
Vehumet
Wu Jian
Xom
Yredelemnul
Zin
The Shining One
Beogh

Shops:
D:5 *   D:10 (   Orc:1 !*

Annotations:
D:8 2 transporters, osoart's ghost, novice OpCj
Temple 2 transporters
Lair:2 1 exclusion


Innate Abilities, Weirdness & Mutations

You are too large for most types of armour.
You have claws for hands.
Your natural rate of healing is unusually fast.
You are covered in fur. (AC +1)
You have tough skin. (AC +1)


Message History

The kobold blastminer shouts!
The kobold blastminer wields a +2 arbalest of flaming.
It bursts into flame!
The kobold blastminer shoots a bolt.
The bolt is repelled.
The orc priest mumbles some strange prayers to Beogh against you.
Beogh smites you!
You take 10 damage, and have 101/111 hp.
You bludgeon the orc priest!!
You kill the orc priest!
Trog accepts your kill.
You regained 2 hp, and now have 103/111 hp.
The kobold blastminer shoots a bolt.
The bolt misses you.
The orc priest invokes the aid of Beogh against you.
Pain shoots through your body!
You see here a +0 club.
You take 7 damage, and have 96/111 hp.
You thump the orc priest!
The orc priest is heavily wounded.
The kobold blastminer shoots a bolt.
The bolt completely misses you.
The orc priest hits you with a +0 dagger.
Unknown command.
Unknown command.
Unknown command.
Unknown command.
Unknown command.
Unknown command.
Unknown command.
You closely miss the orc priest.
The orc priest is heavily wounded.
The kobold blastminer shoots a bolt.
The bolt hits you! The bolt burns you.
The orc priest hits you with a +0 dagger.
The kobold blastminer shoots a bolt.
The bolt completely misses you.
You sock the orc priest!
You kill the orc priest!
Trog accepts your kill.
You take 13 damage, and have 83/111 hp.
No target in range!
No target in range!
No target in range!
You regained 2 hp, and now have 85/111 hp.
The kobold blastminer blasts its cannon at you.
The iron shot is repelled.
The kobold blastminer is knocked back by the blast.
No target in range!
No target in range!
You miss the kobold blastminer.
The kobold blastminer unwields a +2 arbalest of flaming.
It stops flaming.
The kobold blastminer misses you.
You closely miss the kobold blastminer.
The kobold blastminer closely misses you.
You sock the kobold blastminer!
The kobold blastminer is moderately wounded.
The kobold blastminer blasts its cannon at you.
The iron shot hits you!!!
The kobold blastminer is knocked back by the blast.
You take 40 damage, and have 49/111 hp.
MASSIVE DAMAGE!!
You are too injured to fight recklessly!
You are too injured to fight recklessly!
You are too injured to fight recklessly!
You are too injured to fight recklessly!
You are too injured to fight recklessly!
You are too injured to fight recklessly!
You are too injured to fight recklessly!
You barely miss the kobold blastminer.
The kobold blastminer is moderately wounded.
The kobold blastminer completely misses you.
You hit the kobold blastminer.
The kobold blastminer is heavily wounded.
The kobold blastminer blasts its cannon at you.
The iron shot hits you!!
* * * LOW HITPOINT WARNING * * *
The kobold blastminer is knocked back by the blast.
You take 26 damage, and have 25/111 hp.
MASSIVE DAMAGE!!
Okay, then.
A red film seems to cover your vision as you go berserk!
You feel yourself moving faster!
You feel mighty!
The kobold blastminer wields a +2 arbalest of flaming.
It bursts into flame!
The kobold blastminer shoots a bolt.
The bolt completely misses you.
You now have 39/166 hp.
You feel a strong urge to attack something.
You closely miss the kobold blastminer.
The kobold blastminer is heavily wounded.
The kobold blastminer unwields a +2 arbalest of flaming.
It stops flaming.
The kobold blastminer hits you.
* * * LOW HITPOINT WARNING * * *
You take 5 damage, and have 35/166 hp.
You barely miss the kobold blastminer.
The kobold blastminer is heavily wounded.
The kobold blastminer blasts its cannon at you.
The iron shot hits you!!
* * * LOW HITPOINT WARNING * * *
The kobold blastminer is knocked back by the blast.
You take 28 damage, and have 7/166 hp.
You hit the kobold blastminer but do no damage.
The kobold blastminer is heavily wounded.
You miss the kobold blastminer.
The kobold blastminer is heavily wounded.
The kobold blastminer hits you!
You die...

#.................#
#......#..........#
##.....)..........#
#.#.....).......#.#
###............
#...ß.........
##....ß.....ß.
#.#......_....
##.#.@........
##..K........
####......# #######


You could see a kobold blastminer.

Vanquished Creatures
  Snorg (Orc:1)
  Josephine (D:10)
  Harold (D:9)
  Erica (D:9)
  2 boulder beetles
  Nergalle (D:11)
  A spriggan druid (Lair:2)
  2 orc knights (Orc:1)
  2 orc sorcerers
  4 elephants (Lair:3)
  A kobold blastminer (Orc:1)
  Maurice (D:8)
  2 black mambas
  A gargoyle (D:11)
  3 cane toads
  4 komodo dragons
  A kobold demonologist (D:11)
  2 trolls
  2 hornets
  A wyvern (Lair:1)
  3 wraiths (D:9)
  3 shadows
  A vampire (D:8)
  2 steam dragons
  16 yaks
  2 wargs (D:9)
  An acid dragon (D:11)
  7 water moccasins
  6 orc warriors
  2 sky beasts
  2 ice beasts (D:6)
  2 black bears
  An elephant zombie (D:9)
  2 ogres (Orc:1)
  2 centaurs
  2 phantoms
  An elf zombie (D:9)
  3 kobold brigands
  2 scorpions (D:5)
  3 gnoll sergeants
  5 bullfrogs
  10 wights
  8 killer bees
  4 howler monkeys
  2 electric eels (D:6)
  A centaur zombie (D:9)
  3 bombardier beetles
  3 hounds
  A human zombie (D:9)
  9 orc priests
  2 sleepcaps (D:6)
  12 orc wizards
  3 scorpion zombies (D:9)
  2 killer bee zombies (D:9)
  3 hound zombies (D:9)
  A howler monkey zombie (D:9)
  12 gnolls
  11 adders
  A white imp (D:7)
  2 ufetubi (D:6)
  2 adder zombies (D:9)
  4 dart slugs
  2 ribbon worms
  36 orcs
  2 ball pythons
  10 bats
  4 endoplasms
  4 giant cockroaches
  5 goblins
  4 hobgoblins
  6 jackals
  2 quokkas
  4 frilled lizards
  29 kobolds
  8 rats
314 creatures vanquished.

Vanquished Creatures (collateral kills)
  A gnoll sergeant (D:8)
  4 gnolls (D:8)
5 creatures vanquished.

Vanquished Creatures (others)
  A gnoll (D:8)
1 creature vanquished.

Grand Total: 320 creatures vanquished

Notes
Turn   | Place    | Note
-------+----------+-------------------------------------------
     0 | D:1      | gimp the Troll Gladiator began the quest for the Orb.
     0 | D:1      | Reached XP level 1. HP: 19/19 MP: 0/0
    58 | D:1      | Reached skill level 3 in Maces & Flails
    59 | D:1      | Reached XP level 2. HP: 27/28 MP: 1/1
   549 | D:1      | Found a faded altar of an unknown god.
   714 | D:1      | Reached XP level 3. HP: 35/35 MP: 2/2
  1053 | D:2      | Reached skill level 4 in Maces & Flails
  1053 | D:2      | Reached XP level 4. HP: 29/44 MP: 3/3
  1644 | D:3      | Found a glowing silver altar of Zin.
  1878 | D:3      | Reached XP level 5. HP: 50/52 MP: 4/4
  2577 | D:4      | Reached skill level 5 in Maces & Flails
  2612 | D:4      | Reached XP level 6. HP: 61/61 MP: 5/5
  3591 | D:5      | Entered Level 5 of the Dungeon
  3822 | D:5      | Reached skill level 6 in Maces & Flails
  3908 | D:5      | Found a shimmering blue altar of Sif Muna.
  3984 | D:5      | Reached XP level 7. HP: 67/68 MP: 6/6
  4178 | D:5      | Found a staircase to the Ecumenical Temple.
  4359 | Temple   | Found a transporter.
  4359 | Temple   | Found a transporter.
  4359 | Temple   | Found a transporter.
  4359 | Temple   | Found a transporter.
  4359 | Temple   | Entered the Ecumenical Temple
  4373 | Temple   | Became a worshipper of Trog the Wrathful
  4421 | D:5      | Found Bozentav's General Store.
  4432 | D:5      | Bought a potion of curing for 39 gold pieces
  4591 | D:6      | Reached skill level 7 in Maces & Flails
  4679 | D:6      | Noticed a steam dragon
  4746 | D:6      | Killed a steam dragon
  4747 | D:6      | Reached XP level 8. HP: 26/79 MP: 7/7
  4966 | D:6      | Reached skill level 5 in Fighting
  5029 | D:6      | Found a snail-covered altar of Cheibriados.
  5032 | D:6      | Found a blossoming altar of Fedhas.
  5177 | D:6      | Reached skill level 8 in Maces & Flails
  5425 | D:6      | Reached * piety under Trog
  5426 | D:6      | Reached skill level 9 in Maces & Flails
  5605 | D:6      | Reached XP level 9. HP: 78/88 MP: 8/8
  6268 | D:8      | Noticed Maurice
  6326 | D:8      | Reached skill level 10 in Maces & Flails
  6467 | D:7      | Reached skill level 5 in Dodging
  6489 | D:8      | Reached ** piety under Trog
  6634 | D:8      | Maurice stole 3 throwing nets
  6636 | D:8      | Maurice stole a +0 flail
  6639 | D:8      | Maurice stole 406 gold
  6656 | D:8      | Maurice stole a large rock
  6661 | D:8      | Killed Maurice
  6799 | D:8      | Found a transporter.
  6803 | D:8      | Noticed osoart's ghost (novice OpCj)
  6808 | D:8      | Noticed a moth of wrath
  6838 | D:8      | Found a transporter.
  6980 | D:8      | Reached skill level 11 in Maces & Flails
  6997 | D:8      | HP: 4/88 [gnoll/+0 halberd[a gnoll sergeant] (9)]
  7372 | D:9      | Reached XP level 10. HP: 84/96 MP: 9/9
  7440 | D:9      | Found a staircase to the Orcish Mines.
  7454 | D:9      | Identified the +6 glaive "Spider's Curse" {freeze, Dex+2}
  7744 | D:9      | Noticed Erica
  7762 | D:9      | Killed Erica
  7930 | D:9      | Found an ancient bone altar of Kikubaaqudgha.
  8179 | D:10     | Entered Level 10 of the Dungeon
  8183 | D:10     | Noticed Josephine
  8210 | D:9      | Reached skill level 12 in Maces & Flails
  8295 | D:10     | Killed Josephine
  8340 | D:10     | Identified the ring "Qiluixy" {rF+ Will+ MP+9}
  8360 | D:10     | Reached *** piety under Trog
  8473 | D:10     | Paralysed by a hornet for 2 turns
  8822 | D:10     | Found Lughunt's Weapon Boutique.
  8872 | D:10     | Found a radiant altar of Vehumet.
  9144 | D:11     | Noticed a sixfirhy
  9165 | D:11     | Noticed Nergalle
  9191 | D:11     | Noticed an orange demon
  9249 | D:11     | Reached XP level 11. HP: 101/101 MP: 10/10
  9300 | D:11     | Reached skill level 13 in Maces & Flails
  9430 | D:11     | Reached **** piety under Trog
  9481 | D:11     | Found a staircase to the Lair.
  9502 | D:11     | Noticed a boulder beetle
  9693 | D:11     | Killed a boulder beetle
  9838 | D:11     | Killed Nergalle
 10077 | Lair:1   | Entered Level 1 of the Lair of Beasts
 10204 | Lair:1   | Reached skill level 14 in Maces & Flails
 10456 | Lair:1   | Noticed a boulder beetle
 10484 | Lair:1   | Killed a boulder beetle
 11215 | Lair:2   | Noticed a spriggan druid
 11239 | Lair:2   | Killed a spriggan druid
 11240 | Lair:2   | Reached XP level 12. HP: 111/111 MP: 11/11
 12023 | Lair:3   | Reached skill level 15 in Maces & Flails
 12268 | Orc:1    | Entered Level 1 of the Orcish Mines
 12269 | Orc:1    | Noticed Harold
 12365 | D:9      | Killed Harold
 12471 | Orc:1    | Found Baocuaza's Gadget Gallery.
 12486 | Orc:1    | Bought a lightning rod (4/4) for 640 gold pieces
 12486 | Orc:1    | Bought a phial of floods for 640 gold pieces
 12583 | Orc:1    | Noticed Snorg
 12602 | Orc:1    | Killed Snorg
 12662 | Orc:1    | Found Guawkuta's Distillery.
 12725 | Orc:1    | Bought a potion of heal wounds for 85 gold pieces
 12725 | Orc:1    | Bought a potion of heal wounds for 85 gold pieces
 12988 | Orc:1    | Found a roughly hewn altar of Beogh.
 13007 | Orc:1    | HP: 7/166 [kobold blastminer/iron shot (29)]
 13010 | Orc:1    | Slain by a kobold blastminer

Illustrated notes

Levels and vault maps discovered:
D:1:      shiori_arrival_maze, layout_basic, hellmonk_ecumenical_altar_zigzags
D:2:      cheibrodos_pilgrimage, layout_loops_ring, solitary_fountain,
          minmay_vboxes
D:3:      minmay_general_purpose_star, layout_basic, lemuel_doored_altar,
          dreamdust_princess_bridge
D:4:      layout_layer_cave, minmay_misc_feat_roman
D:5:      layout_layer_cave, mainiacjoe_overflow_chevrons,
          minmay_temple_entry_purple_smoke, serial_shops,
          nicolae_shop_tiny_waterfront, minmay_holes
D:6:      minmay_chambers_of_sixes, layout_cave_pools, nicolae_overflow_squiral
D:7:      layout_rooms, serial_rivers, chequers_serial_rivers_small_3,
          chequers_serial_rivers_micro_b, chequers_serial_rivers_micro_b,
          chequers_serial_rivers_small_a
D:8:      layout_basic, gammafunk_ghost_berserking_beasts, uniq_maurice
D:9:      layout_roguey, orc_0_dummy, roadster_capsule_ark_zombie, uniq_erica
D:10:     layout_cave_pools, mainiacjoe_overflow_surrounded_room, serial_shops,
          shop, uniq_josephine
D:11:     layout_gridville, lair_entry_dummy, uniq_nergalle
Temple:   hellmonk_temple_divided_pantheon
Lair:1:   layout_big_grid, grunt_megastairs_3, infiniplex_staircase_pool
Lair:2:   layout_cave_pods, mainiacjoe_swamp_entry_angry_trees,
          cheibrodos_lair_reptile_den
Lair:3:   layout_misc_corridors, spider_nest_entry_webs,
          grunt_forest_small_clearings
Orc:1:    nicolae_orc_accident_2, layout_caves, serial_shops,
          nicolae_shop_statue_plus, nicolae_shop_gadgets, uniq_snorg,
          uniq_harold

Skill      XL: |  1  2  3  4  5  6  7  8  9 10 11 12 |
---------------+-------------------------------------+-----
Maces & Flails | 3 4 5 6 7 9 11 12 14 15 | 15.8
Fighting       | 2 3 4 5 |  5.0
Dodging        | 3 5 7 8 9 |  9.8
Throwing       | |  1.7

Action                     |  1- 3 |  4- 6 |  7- 9 | 10-12 || total
---------------------------+-------+-------+-------+-------++-------
  Melee: Flail             |   104 |   104 |       |       ||   208
         Morningstar       |       |   109 |   284 |       ||   393
         Dire flail        |       |       |    16 |   783 ||   799
         Giant spiked club |       |       |       |    58 ||    58
 Invoke: Berserk           |       |       |     5 |    24 ||    29
         Trog's Hand       |       |       |       |     3 ||     3
  Evoke: Wand              |       |       |     8 |    12 ||    20
         Lightning rod     |       |       |       |     4 ||     4
         Condenser vane    |       |       |       |     1 ||     1
    Use: Scroll            |       |       |    13 |     3 ||    16
         Potion            |       |       |     2 |       ||     2
   Stab: Sleeping          |     4 |     1 |       |     1 ||     6
         Invisible         |       |       |     2 |       ||     2
 Armour: Robe              |    82 |   174 |   260 |   213 ||   729
         Acid dragon scale |       |       |       |    51 ||    51
         Storm dragon scal |       |       |       |   136 ||   136
         Troll leather arm |       |       |       |     4 ||     4
  Dodge: Dodged            |    71 |   112 |   161 |   492 ||   836
         Repelled          |       |     3 |    17 |    14 ||    34

Table legend: (Time is in decaauts)
 A = Elapsed time spent in this place.
 B = Non-inter-level travel time spent in this place.
 C = Inter-level travel time spent in this place.
 D = Time resting spent in this place.
 E = Time spent auto-exploring this place.
 F = Levels seen in this place.
 G = Mean time per level.
                   A        B        C        D        E       F      G
               +--------+--------+--------+--------+--------+-----+--------+
         Total |  13103 |  12325 |    778 |    818 |   8504 |  16 |  818.9 |
       Dungeon |  10491 |   9882 |    609 |    651 |   6815 |  11 |  953.7 |
        Temple |     25 |     18 |      7 |      0 |      0 |   1 |   25.0 |
          Lair |   1976 |   1857 |    119 |    162 |   1336 |   3 |  658.7 |
  Orcish Mines |    609 |    567 |     42 |      4 |    352 |   1 |  609.0 |
               +--------+--------+--------+--------+--------+-----+--------+

Top non-repeatable levels by time:
     D:9: 1274 daAuts
     D:6: 1225 daAuts
  Lair:2: 1144 daAuts
     D:4: 1132 daAuts
     D:5: 969 daAuts
     D:1: 934 daAuts
    D:11: 932 daAuts
     D:3: 859 daAuts
     D:8: 857 daAuts
    D:10: 832 daAuts
     D:7: 748 daAuts
     D:2: 724 daAuts
  Lair:1: 679 daAuts
   Orc:1: 609 daAuts
  Lair:3: 152 daAuts
